 Dungeon Crawl Stone Soup version 0.26-a0-651-gb41185065b (webtiles) character file.

Game seed: 14907961901554418315

23 Irenicus the Sneak (level 2, -3/28 HPs)
             Began as a Deep Dwarf Delver on Sept 29, 2020.
             Slain by a white imp (4 damage)
             ... on level 5 of the Dungeon.
             The game lasted 00:00:24 (48 turns).

Irenicus the Sneak (Deep Dwarf Delver)                Turns: 48, Time: 00:00:25

Health: -3/28      AC:  3    Str: 15    XL:     2   Next: 75%
Magic:  2/2        EV: 12    Int: 10    God:
Gold:   0          SH:  0    Dex: 14    Spells: 1/1 levels left

rFire    . . .     SeeInvis .   a - +0 short sword
rCold    . . .     Faith    .   (no shield)
rNeg     . . .     Spirit   .   b - +0 leather armour
rPois    .         Reflect  .   (no helmet)
rElec    .         Harm     .   (no cloak)
rCorr    .         Rampage  .   (no gloves)
MR       .....                  (no boots)
Stlth    +++.......             (no amulet)
HPRegen  0.00/turn              (no ring)
MPRegen  0.08/turn              (no ring)

@: lethally poisoned (-3 -> -3), non-regenerating
A: damage resistance, heal wounds, sense surroundings 1, no regeneration
a: Heal Wounds


You were on level 5 of the Dungeon.
You visited 1 branch of the dungeon, and saw 1 of its levels.

Inventory:

Hand Weapons
 a - a +0 short sword (weapon)
Armour
 b - a +0 leather armour (worn)
Wands
 g - a wand of digging (3)
Scrolls
 c - a scroll of fog
 d - a scroll of magic mapping {!r}
 e - a scroll of fear
Potions
 f - a potion of haste


   Skills:
 + Level 3.0 Fighting
 + Level 2.1 Short Blades
 + Level 2.6 Dodging
 + Level 6.3 Stealth


You had one spell level left.
You didn't know any spells.
Your spell library was empty.

Dungeon Overview and Level Annotations

Branches:
Dungeon (5/15)
 Temple: D:4-7

Altars:


Innate Abilities, Weirdness & Mutations

You are resistant to damage.
You can heal yourself by infusing magical energy.
You passively map a small area around you.
You do not regenerate.


Message History

Options error: Bad channel -- pray (HDAMessageColors.rc:30) Options error: Bad channel -- food (HDAMessageColors.rc:33) Options error: Bad object type '%}\|' for autopickup. (~/.crawlrc:811) Welcome, Irenicus the Deep Dwarf Delver.
The bosom of this dungeon contains the awesome artefact, the Orb of Zot.
Found a stone staircase leading down.
A worker ant comes into view.
The worker ant twitches its antennae in your direction.
You don't know any spells.
Okay, then.
You hit the worker ant. The worker ant barely misses you. x2
You hit the worker ant. The worker ant barely misses you.
You barely miss the worker ant. The worker ant barely misses you.
You hit the worker ant but do no damage.
The worker ant bites you but does no damage.
You hit the worker ant. The worker ant barely misses you. x2
You barely miss the worker ant. The worker ant bites you.
You take 2 damage, and have 18/20 hp.
You barely miss the worker ant. The worker ant closely misses you.
You hit the worker ant.
The worker ant bites you but does no damage.
You hit the worker ant. The worker ant bites you.
You take 2 damage, and have 16/20 hp.
You barely miss the worker ant. The worker ant barely misses you. x2
You hit the worker ant but do no damage.
The worker ant bites you.
You take 4 damage, and have 12/20 hp.
You closely miss the worker ant. The worker ant bites you.
You are poisoned.
The worker ant poisons you!
You take 2 damage, and have 10/20 hp.
You closely miss the worker ant. The worker ant closely misses you.
You closely miss the worker ant. The worker ant bites you.
You are more poisoned.
The worker ant poisons you!
You take 1 damage, and have 9/20 hp.
You hit the worker ant.
You kill the worker ant!
Your Fighting skill increases to level 3!
Your Short Blades skill increases to level 2!
You have reached level 2!
You regained 3 hp, and now have 12/28 hp.
MP restored: 2 A white imp comes into view.
A yak comes into view.
The yak bellows!
You hear a bellow!
A yak comes into view. x2
You hear a bellow!
A yak comes into view.
The yak bellows!
You hear a shout!
The white imp gestures at you. The puff of frost misses you.
The white imp gestures at you. The puff of frost hits you.
You take 2 damage, and have 10/28 hp.
An orc comes into view. It is wielding a +0 flail.
The white imp gestures at you. The puff of frost misses you.
Found 5 gold pieces and a scroll labeled MAITYG VARA.
Found a stone staircase leading down.
You closely miss the white imp. The white imp gestures at you.
The puff of frost hits you!
* * * LOW HITPOINT WARNING * * *
You take 7 damage, and have 3/28 hp.
MASSIVE DAMAGE!!
You hit the white imp but do no damage.
The white imp hits you but does no damage.
You closely miss the white imp. The white imp misses you.
You barely miss the white imp.
The white imp sputters.
The white imp gestures at you. The puff of frost hits you.
* * * LOW HITPOINT WARNING * * *
You take 1 damage, and have 2/28 hp.
You closely miss the white imp.
The orc shouts!
The white imp hits you.
* * * LOW HITPOINT WARNING * * *
The white imp freezes you.
You die...

* , *,,..... , ,
* Y.... , .Y...,
*Y##.# ##.##.#
*,# #..*#.###.# *
#.# #.....#.# ,
####.###@....o..
#.......#5$.....
*** *
#..#.#..#>......
,
#..#.#..#.......
* ,
#..#.#..#.......
#..#.#..#.?.....
,
#.......#.......*
####.###########
#.#


You could see a white imp and an orc.

Vanquished Creatures
  A worker ant (D:5)
1 creature vanquished.

Notes
Turn   | Place    | Note
-------+----------+-------------------------------------------
     0 | D:5      | Irenicus the Deep Dwarf Delver began the quest for the Orb.
     0 | D:5      | Reached XP level 1. HP: 20/20 MP: 1/1
    16 | D:5      | Noticed a worker ant
    34 | D:5      | Killed a worker ant
    34 | D:5      | Reached skill level 3 in Fighting
    34 | D:5      | Reached skill level 2 in Short Blades
    34 | D:5      | Reached XP level 2. HP: 12/28 MP: 2/2
    38 | D:5      | Noticed a yak
    38 | D:5      | Noticed a yak
    38 | D:5      | Noticed a yak
    39 | D:5      | Noticed a yak
    44 | D:5      | HP: 3/28 [white imp/puff of frost (7)]
    48 | D:5      | HP: 1/28 [white imp (1)]
    48 | D:5      | Slain by a white imp

Illustrated notes

Levels and vault maps discovered:
D:5:      layout_loops_cross, minmay_temple_entry_glassed_door,
          nicolae_dithmenos_the_darkroom

Skill      XL: |  1 |
---------------+----+-----
Fighting       | 3 |  3.0
Short Blades   | 2 |  2.1
Dodging        | |  2.6
Stealth        | |  6.3

Action                   || total
-------------------------++-------
Melee: Short sword       ||    20
Armor: Leather armour    ||     3
Dodge: Dodged            ||    13

Table legend: (Time is in decaauts)
 A = Elapsed time spent in this place.
 B = Non-inter-level travel time spent in this place.
 C = Inter-level travel time spent in this place.
 D = Time resting spent in this place.
 E = Time spent auto-exploring this place.
 F = Levels seen in this place.
 G = Mean time per level.
                   A        B        C        D        E       F      G
               +--------+--------+--------+--------+--------+-----+--------+
         Total |     48 |     48 |      0 |      0 |      0 |   1 |   48.0 |
       Dungeon |     48 |     48 |      0 |      0 |      0 |   1 |   48.0 |
               +--------+--------+--------+--------+--------+-----+--------+

Top non-repeatable levels by time:
     D:5: 48 daAuts

Table legend:
 A = Kills in this place as a percentage of kills in entire the game.
 B = Kills by you in this place as a percentage of kills by you in the entire game.
 C = Kills by friends in this place as a percentage of kills by friends in the entire game.
 D = Other kills in this place as a percentage of other kills in the entire game.
 E = Experience gained in this place as a percentage of experience gained in the entire game.
 F = Experience gained in this place divided by the number of levels of this place that you have seen.
                   A       B       C       D       E      F
               +-------+-------+-------+-------+-------+----------------------
         Total | 100.0 | 100.0 |   N/A |   N/A | 100.0 |  34.0
       Dungeon | 100.0 | 100.0 |   N/A |   N/A | 100.0 |  34.0
               +-------+-------+-------+-------+-------+----------------------
